 Dungeon Crawl Stone Soup version 0.28.0-45-g0d030f2227 (webtiles) character file.

Game seed: 10950676546005044973

165 Ablot the Cutter (level 5, -1/47 HPs)
             Began as a Gnoll Chaos Knight on Apr 20, 2022.
             Was a Plaything of Xom.
             Slain by a black bear (2 damage)
             ... on level 4 of the Dungeon.
             The game lasted 00:03:04 (2770 turns).

Ablot the Cutter (Gnoll Chaos Knight)               Turns: 2770, Time: 00:03:05

Health: -1/47      AC:  5    Str: 20    XL:     5   Next: 46%
Magic:  7/7        EV: 12    Int: 11    God:    Xom [...*..]
Gold:   45         SH:  0    Dex: 11    Spells: 7/7 levels left

rFire   . . .      SeeInvis .   a - +2 short sword (chaos)
rCold   . . .      Faith    .   (no shield)
rNeg    . . .      Spirit   .   b - +2 leather armour
rPois   .          Reflect  .   (no helmet)
rElec   .          Harm     .   (no cloak)
rCorr   .          Rampage  .   (no gloves)
Will    +....                   (no boots)
Stlth   +.........              (no amulet)
HPRegen 0.15/turn               n - +6 ring of strength
MPRegen 0.10/turn               m - ring of willpower

@: no status effects
A: fangs 1, strong nose, distributed training
a: Renounce Religion


You were on level 4 of the Dungeon.
You worshipped Xom.
You were a favourite toy of Xom.
You visited 1 branch of the dungeon, and saw 4 of its levels.

You collected 241 gold pieces.
You spent 196 gold pieces at shops.

Inventory:

Hand Weapons
 a - a +2 short sword of chaos (weapon)
Missiles
 d - 44 sling bullets
 h - 7 poisoned darts (quivered)
 l - 129 stones
 u - 17 arrows
Armour
 b - a +2 leather armour (worn)
Magical Staves
 v - a staff of conjuration
Jewellery
 m - a ring of willpower (right hand)
 n - a +6 ring of strength (left hand)
 p - a +6 ring of strength
Wands
 o - a wand of paralysis (5)
Scrolls
 f - 2 scrolls of fog {unknown}
 g - 2 scrolls of enchant armour {unknown}
 j - 3 scrolls of magic mapping
 r - a scroll of teleportation {unknown}
 t - a scroll of summoning {unknown}
Potions
 c - 3 potions of curing
 e - 2 potions of might
 i - a potion of flight {unknown}
 k - 2 potions of heal wounds {unknown}
 q - a potion of attraction {unknown}
 s - a potion of berserk rage {unknown}


   Skills:
 + Level 6.7 Fighting
 + Level 6.7 Short Blades
 + Level 1.5 Long Blades
 + Level 1.5 Axes
 + Level 1.5 Maces & Flails
 + Level 1.5 Polearms
 + Level 1.5 Staves
 + Level 1.5 Slings
 + Level 1.5 Bows
 + Level 1.5 Crossbows
 + Level 1.5 Throwing
 + Level 4.8 Armour
 + Level 3.0 Dodging
 + Level 1.5 Stealth
 + Level 1.5 Shields
 + Level 1.5 Unarmed Combat
 + Level 1.5 Spellcasting
 + Level 1.2 Conjurations
 + Level 1.2 Hexes
 + Level 1.2 Summonings
 + Level 1.2 Necromancy
 + Level 1.2 Translocations
 + Level 1.2 Transmutations
 + Level 1.2 Fire Magic
 + Level 1.2 Ice Magic
 + Level 1.2 Air Magic
 + Level 1.2 Earth Magic
 + Level 1.2 Poison Magic
 + Level 1.7 Invocations
 + Level 1.5 Evocations


You had 7 spell levels left.
You didn't know any spells.
Your spell library contained the following spells:

 Spells                   Type           Power      Damage    Failure   Level
 Sandblast                Erth           6%         2d5       22%         1
 Passwall                 Tmut/Erth      2%         N/A       32%         2
 Stone Arrow              Conj/Erth      6%         3d7       54%         3


Dungeon Overview and Level Annotations

Branches:
Dungeon (4/15)
 Temple: D:4-7

Altars:
Dithmenos
Ru
Vehumet
Xom

Shops:
D:3 ?


Innate Abilities, Weirdness & Mutations

You have very sharp teeth.
Your uncanny sense of smell can sniff out nearby items.
Your experience applies equally to all skills.


Message History

The black bear suddenly seems more agile.
Xom is highly amused!
You punch the black bear, but do no damage.
The black bear is lightly wounded.
You closely miss the black bear. Your bite misses the black bear.
The black bear is lightly wounded.
The black bear closely misses you. The black bear barely misses you. x2
You barely miss the black bear.
You bite the black bear, but do no damage.
The black bear is lightly wounded.
The black bear bites you. The black bear misses you. The black bear claws you.
You barely miss the black bear.
The black bear is lightly wounded.
You puncture the black bear!
The black bear is heavily wounded.
The black bear completely misses you. The black bear claws you.
The black bear claws you but does no damage.
You hit the black bear. You burn the black bear.
The black bear is heavily wounded.
The black bear bites you but does no damage.
The black bear claws you but does no damage. x2
You hit the black bear.
The black bear flickers and vanishes!
Deactivating autopickup; reactivate with Ctrl-A.
Something bites you but does no damage. Something barely misses you.
Something claws you.
You miss something. You completely miss something. Something bites you!
Something claws you. x2
* * * LOW HITPOINT WARNING * * *
You hit something.
Nothing appears to happen.
Something bites you.
* * * LOW HITPOINT WARNING * * *
Something claws you.
* * * LOW HITPOINT WARNING * * *
Something claws you.
* * * LOW HITPOINT WARNING * * *
Unknown command.
Something bites you.
* * * LOW HITPOINT WARNING * * *
Something claws you.
You die... "I guess I need a new plaything now."

.#.#..#.#.# # #..#g######
........#.## + .# #+ # #.
##.######..###. .###. #g
.#.# ........###..... #.
.#.# #...# ......# .. .#..
#...####.....# gg
.########...##....#######.g
..........................
##########....).@{.####
#....####.....# #....#
#.....# #....# #.....#
#....# ##...(.. ######
....... ....... ∆ ....(.(


There were no monsters in sight!

Vanquished Creatures
  An ogre (D:4)
  An adder (D:2)
  3 dart slugs
  3 orcs (D:3)
  4 ball pythons
  6 endoplasms
  2 giant cockroaches
  7 hobgoblins
  4 jackals (D:2)
  5 kobolds
  2 quokkas
  5 bats
  A frilled lizard (D:1)
  6 goblins
  7 rats
57 creatures vanquished.

Notes
Turn   | Place    | Note
-------+----------+-------------------------------------------
     0 | D:1      | Ablot the Gnoll Chaos Knight began the quest for the Orb.
     0 | D:1      | Reached XP level 1. HP: 23/23 MP: 1/1
   130 | D:1      | Reached XP level 2. HP: 29/29 MP: 2/2
   184 | D:1      | XOM: god gift: scroll labelled ACAIQ UPOCYDI {god gift}
   251 | D:1      | XOM: scenery: create altars
   436 | D:1      | Reached XP level 3. HP: 35/35 MP: 3/3
   502 | D:1      | XOM: cloud trail
   798 | D:2      | You fall into a shaft and drop 1 floor!
  1165 | D:3      | Reached skill level 1 in Invocations
  1253 | D:2      | Reached skill level 1 in Long Blades
  1253 | D:2      | Reached skill level 1 in Axes
  1253 | D:2      | Reached skill level 1 in Maces & Flails
  1253 | D:2      | Reached skill level 1 in Polearms
  1253 | D:2      | Reached skill level 1 in Staves
  1253 | D:2      | Reached skill level 1 in Slings
  1253 | D:2      | Reached skill level 1 in Bows
  1253 | D:2      | Reached skill level 1 in Crossbows
  1253 | D:2      | Reached skill level 1 in Throwing
  1253 | D:2      | Reached skill level 1 in Stealth
  1253 | D:2      | Reached skill level 1 in Shields
  1253 | D:2      | Reached skill level 1 in Unarmed Combat
  1253 | D:2      | Reached skill level 1 in Spellcasting
  1253 | D:2      | Reached skill level 1 in Evocations
  1253 | D:2      | Reached XP level 4. HP: 36/41 MP: 5/5
  1687 | D:3      | Found Anlel's Magic Scroll Shoppe.
  1695 | D:3      | Bought a scroll of noise for 14 gold pieces
  1695 | D:3      | Bought a scroll of identify for 28 gold pieces
  1695 | D:3      | Bought a scroll of enchant weapon for 105 gold pieces
  1695 | D:3      | Bought a scroll of magic mapping for 49 gold pieces
  1711 | D:3      | XOM: divination: magic mapping
  1760 | D:3      | XOM: cloud trail
  1895 | D:3      | Found a radiant altar of Vehumet.
  1896 | D:3      | Found a sacrificial altar of Ru.
  2075 | D:4      | Found a shadowy altar of Dithmenos.
  2232 | D:4      | Noticed a gnoll sergeant
  2238 | D:4      | XOM: fog
  2537 | D:4      | Noticed an ogre
  2545 | D:4      | Killed an ogre
  2546 | D:4      | Reached skill level 1 in Conjurations
  2546 | D:4      | Reached skill level 1 in Hexes
  2546 | D:4      | Reached skill level 1 in Summonings
  2546 | D:4      | Reached skill level 1 in Necromancy
  2546 | D:4      | Reached skill level 1 in Translocations
  2546 | D:4      | Reached skill level 1 in Transmutations
  2546 | D:4      | Reached skill level 1 in Fire Magic
  2546 | D:4      | Reached skill level 1 in Ice Magic
  2546 | D:4      | Reached skill level 1 in Air Magic
  2546 | D:4      | Reached skill level 1 in Earth Magic
  2546 | D:4      | Reached skill level 1 in Poison Magic
  2546 | D:4      | Reached XP level 5. HP: 22/47 MP: 5/7
  2752 | D:4      | Noticed a black bear
  2770 | D:4      | HP: 1/47 [something (4)]
  2770 | D:4      | Slain by a black bear

Illustrated notes

Levels and vault maps discovered:
D:1:      onia_arrival_pyramid, layout_loops_ring
D:2:      layout_rooms, kennysheep_cross_room
D:3:      layout_loops_corners, mainiacjoe_overflow_divided_tiny, serial_shops,
          shop
D:4:      layout_basic, grunt_dithmenos_smoke, nemelex_spade_bored_becter,
          hangedman_decor_slide_cut, bh_walls_and_bars

Skill      XL: |  1  2  3  4 |
---------------+-------------+-----
Invocations    | 1 |  1.7
Long Blades    | 1 |  1.5
Axes           | 1 |  1.5
Maces & Flails | 1 |  1.5
Polearms       | 1 |  1.5
Staves         | 1 |  1.5
Slings         | 1 |  1.5
Bows           | 1 |  1.5
Crossbows      | 1 |  1.5
Throwing       | 1 |  1.5
Stealth        | 1 |  1.5
Shields        | 1 |  1.5
Unarmed Combat | 1 |  1.5
Spellcasting   | 1 |  1.5
Evocations     | 1 |  1.5
Dodging        | 3 |  3.0
Conjurations   | 1 |  1.2
Hexes          | 1 |  1.2
Summonings     | 1 |  1.2
Necromancy     | 1 |  1.2
Translocations | 1 |  1.2
Transmutations | 1 |  1.2
Fire Magic     | 1 |  1.2
Ice Magic      | 1 |  1.2
Air Magic      | 1 |  1.2
Earth Magic    | 1 |  1.2
Poison Magic   | 1 |  1.2
Fighting       | |  6.7
Short Blades   | |  6.7
Armour         | |  4.8

Action                   |  1- 3 |  4- 6 || total
-------------------------+-------+-------++-------
Melee: Short sword       |   118 |    42 ||   160
       Bite              |     8 |     2 ||    10
       Punch             |     1 |     2 ||     3
Throw: Dart              |       |     4 ||     4
  Use: Scroll            |       |     4 ||     4
 Stab: Sleeping          |     1 |       ||     1
Armor: Leather armour    |    45 |    13 ||    58
Dodge: Dodged            |    86 |    18 ||   104
